[Event "ICCopen2017"]
[Site "Internet Chess Club"]
[Date "2017.03.26"]
[Round "5"]
[White "Bojack"]
[Black "Clownfish"]
[Result "0-1"]
[ICCResult "White checkmated"]
[WhiteElo "2072"]
[BlackElo "2623"]
[Opening "Alekhine's defense: modern variation, 4...Bg4"]
[ECO "B05"]
[NIC "AL.02"]
[Time "19:52:18"]
[TimeControl "180+0"]

1. e4 Nf6 2. e5 Nd5 3. d4 d6 4. Nf3 Bg4 5. Be2 e6 6. O-O Nd7 7. c4 N5b6 8.
exd6 cxd6 9. h3 Bh5 10. Nc3 Be7 11. b3 O-O 12. Be3 Rc8 13. Rc1 Re8 14. Qd2
Bf6 15. Ng5 Bxe2 16. Nxe2 d5 17. c5 Na8 18. f4 Nc7 19. Nf3 g6 20. a4 Bg7 21.
b4 Nf6 22. Nc3 Ne4 23. Nxe4 dxe4 24. Ng5 f5 25. h4 Nd5 26. Rfd1 h6 27. Nh3
Qxh4 28. b5 Qg3 29. Bf2 Qg4 30. Be3 Red8 31. Nf2 Qg3 32. Re1 Nxe3 33. Qxe3
Qxe3 34. Rxe3 Bxd4 35. Rg3 Kf7 36. c6 bxc6 37. bxc6 Bb6 38. Kf1 Rd2 39. Nh3
Rd6 40. Rgc3 e3 41. Ke2 Rd2+ 42. Kf3 Kf6 43. g4 g5 44. fxg5+ hxg5 45. c7 Rd4
46. gxf5 g4+ 47. Kxe3 gxh3 48. a5 Bxa5 49. Kxd4 Bxc3+ 50. Rxc3 exf5 51. Rc6+
Kg5 52. Ke5 h2 53. Rc1 Rxc7 54. Rh1 Re7+ 55. Kd6 Re2 56. Kd5 Rg2 57. Kd4 Kg4
58. Ke3 Kg3 59. Ra1 Rg1 60. Rxa7 h1=Q 61. Rg7+ Kh2 62. Rh7+ Kg2 63. Rg7+ Kf1
64. Rb7 Qxb7 65. Kf4 Rg4+ 66. Ke5 Qe4+ 67. Kf6 f4 68. Kf7 Rg6 69. Kf8 Ra6
70. Kg7 Qb7+ 71. Kh8 f3 72. Kg8 f2 73. Kf8 Ke1 74. Ke8 Ra8# {White
checkmated} 0-1

[Event "ICCopen2017"]
[Site "Internet Chess Club"]
[Date "2017.03.26"]
[Round "5"]
[White "gibert"]
[Black "fishmaster"]
[Result "0-1"]
[ICCResult "White checkmated"]
[WhiteElo "1500"]
[BlackElo "1737"]
[Opening "Two knights defense"]
[ECO "C58"]
[NIC "KP.01"]
[Time "19:52:41"]
[TimeControl "180+0"]

1. e4 e5 2. Nf3 Nc6 3. Bc4 Nf6 4. Ng5 d5 5. exd5 Na5 6. Bb5+ c6 7. dxc6 bxc6
8. Bd3 Nd5 9. Ne4 f5 10. Nec3 Nf4 11. Bf1 Bd6 12. g3 Ne6 13. Bg2 O-O 14. O-O
Bd7 15. d3 f4 16. f3 Nb7 17. Ne4 Be7 18. g4 Nbc5 19. Nbc3 Nd4 20. Nxc5 Bxc5
21. Ne4 Nxf3+ 22. Kh1 Bxg4 23. Bxf3 Bxf3+ 24. Qxf3 Be7 25. Rg1 Kh8 26. Bd2
Rb8 27. b3 Bf6 28. Nxf6 gxf6 29. Rg2 Qd5 30. Qxd5 cxd5 31. Rag1 Rf7 32. c4
dxc4 33. dxc4 f3 34. Rf2 Rd8 35. Be3 e4 36. h4 Rd3 37. Bf4 f5 38. h5 Re7 39.
Rg5 e3 40. Rxf3 e2 41. Rxd3 e1=Q+ 42. Rg1 Qh4+ 43. Kg2 Re2+ 44. Kf1 Qf2#
{White checkmated}
0-1

[Event "ICCopen2017"]
[Site "Internet Chess Club"]
[Date "2017.03.26"]
[Round "5"]
[White "lexa"]
[Black "marwan100"]
[Result "1-0"]
[ICCResult "Black forfeits on time"]
[WhiteElo "1952"]
[BlackElo "1670"]
[Opening "French: advance, Paulsen attack"]
[ECO "C02"]
[NIC "FR.03"]
[Time "19:52:38"]
[TimeControl "180+0"]

1. e4 e6 2. d4 d5 3. e5 c5 4. c3 Nc6 5. Nf3 Qb6 6. Be2 Bd7 7. O-O Nh6 8.
Bxh6 gxh6 9. b3 Rg8 10. Kh1 O-O-O 11. Qd3 cxd4 12. cxd4 Rg7 13. Nc3 Be7 14.
Na4 Qc7 15. Rac1 Rdg8 16. g3 Kb8 17. Nc5 Bxc5 18. Rxc5 Qd8 19. Rfc1 f5 20.
exf6 Qxf6 21. Qe3 h5 22. h4 h6 23. a3 Be8 24. b4 Bg6 25. b5 Ne7 26. Qe5+
Qxe5 27. Nxe5 Be4+ 28. Kh2 Nf5 29. Bxh5 Nxd4 30. Bf7 Nf3+ 31. Kh3 Bf5+ 32.
Kg2 Nxh4+ 33. Kf1 {Black forfeits on time} 1-0

[Event "ICCopen2017"]
[Site "Internet Chess Club"]
[Date "2017.03.26"]
[Round "5"]
[White "Speiretti"]
[Black "Sc6"]
[Result "1-0"]
[ICCResult "Black forfeits on time"]
[WhiteElo "1907"]
[BlackElo "1629"]
[Opening "King's Indian: Gligoric-Taimanov system"]
[ECO "E92"]
[NIC "KI.18"]
[Time "19:52:09"]
[TimeControl "180+0"]

1. d4 Nf6 2. c4 g6 3. Nc3 Bg7 4. e4 d6 5. Nf3 O-O 6. Be2 e5 7. Be3 Nc6 8. d5
Ne7 9. Nd2 Ne8 10. O-O f5 11. f3 f4 12. Bf2 c5 13. a3 g5 14. b4 b6 15. bxc5
bxc5 16. Rb1 Rf7 17. Nb5 a6 18. Nc3 Ng6 19. Na4 Rb7 20. Qc2 Rab8 21. Rxb7
Rxb7 22. Rb1 Qa5 23. Rxb7 Bxb7 24. Be1 Bc8 25. Kf1 Bd7 26. Nc3 Qxa3 27. Ndb1
Qa5 28. Qb2 Qc7 29. Qb3 a5 30. Na4 Ne7 31. Nb6 Nc8 32. Nxd7 Qxd7 33. Bxa5
Ne7 34. Qb8 Kf7 35. Nc3 h5 36. Nb5 g4 37. Bc7 Nxc7 38. Nxc7 Nc8 39. Ne6 g3
40. hxg3 fxg3 41. f4 Bf6 42. Bxh5+ Ke7 43. Bg4 exf4 44. Ke2 Qa4 45. Qxc8
Qc2+ 46. Kf3 Qd1+ 47. Kxf4 Be5+ 48. Kf5 Qf1+ 49. Kg5 Qf6+ 50. Kh5 Qf7+ 51.
Kh4 Qf6+ 52. Ng5 Qh6+ 53. Bh5 Bf6 54. Qe6+ Kd8 55. Qg8+ Kc7 56. Qf7+ Kb6 57.
Qg6 Bxg5+ 58. Kg4 Qxg6 59. Bxg6 Bd2 60. Kf5 Bc1 61. Be8 Bb2 62. Bb5 Be5 63.
Kg4 Ka5 64. Kf5 Kb6 65. Ke6 Kc7 66. Ke7 Kb6 67. Bd7 Ka5 68. Be6 Kb4 69. Bd7
Kxc4 70. Bc6 Kd4 71. Ke6 Kxe4 72. Kf7 Ke3 73. Ke6 {Black forfeits on time}
1-0

[Event "ICCopen2017"]
[Site "Internet Chess Club"]
[Date "2017.03.26"]
[Round "5"]
[White "AnthonyRaelund"]
[Black "fisherino"]
[Result "1-0"]
[ICCResult "Black resigns"]
[WhiteElo "1446"]
[BlackElo "1557"]
[Opening "English, 1...Nf6 (Anglo-Indian defense)"]
[ECO "A15"]
[NIC "EO.64"]
[Time "19:53:11"]
[TimeControl "180+0"]

1. c4 Nf6 2. g3 g6 3. Bg2 Bg7 4. Nc3 O-O 5. d3 d6 6. e4 e5 7. Nge2 Nc6 8.
O-O Bg4 9. h3 Bxe2 10. Nxe2 Nd7 11. Be3 Nc5 12. Qd2 Nd4 13. b4 Nxe2+ 14.
Qxe2 Ne6 15. Qd2 Nd4 16. Bxd4 exd4 17. b5 c5 18. bxc6 bxc6 19. Rab1 c5 20.
Rb3 Rb8 21. Rfb1 Rxb3 22. Rxb3 Qc7 23. Qb2 Qa5 24. Ra3 Qe1+ 25. Bf1 Be5 26.
Rxa7 Bxg3 27. fxg3 Qxg3+ 28. Qg2 Qe3+ 29. Qf2 Qg5+ 30. Kh2 f5 31. exf5 Rxf5
32. Ra8+ Kg7 33. Qg2 Qe3 34. Ra7+ Kh6 35. Qb7 Rf2+ 36. Bg2 Qf4+ 37. Kh1 Rf1+
38. Bxf1 Qxf1+ 39. Kh2 Qf2+ 40. Qg2 Qf4+ 41. Qg3 Qd2+ 42. Kg1 Qd1+ 43. Kf2
Qd2+ 44. Kg1 Qd1+ 45. Kg2 Qd2+ 46. Qf2 Qg5+ 47. Kh1 Qc1+ 48. Kh2 Qg5 49. Rf7
Qe5+ 50. Qf4+ Qxf4+ 51. Rxf4 g5 52. Rf6+ Kg7 53. Rxd6 h5 54. Rd5 g4 55. Rxh5
g3+ 56. Kxg3 Kg6 57. Rxc5 Kf6 58. Rd5 Ke6 59. Rxd4 Ke5 60. Re4+ Kf5 61. c5
Kf6 62. c6 {Black resigns} 1-0

[Event "ICCopen2017"]
[Site "Internet Chess Club"]
[Date "2017.03.26"]
[Round "5"]
[White "Sophiste"]
[Black "chabotheking"]
[Result "0-1"]
[ICCResult "White checkmated"]
[WhiteElo "3144"]
[BlackElo "2543"]
[Opening "Réti opening"]
[ECO "A05"]
[NIC "QP.11"]
[Time "19:53:10"]
[TimeControl "180+0"]

1. Nf3 Nf6 2. b3 g6 3. Bb2 Bg7 4. g3 d6 5. Bg2 e5 6. O-O O-O 7. c4 Nc6 8.
Nc3 Bg4 9. d3 Qd7 10. a3 Bh3 11. b4 Bxg2 12. Kxg2 Nd8 13. e3 Ne6 14. Rc1 Nh5
15. d4 exd4 16. exd4 Bh6 17. Rc2 Ng5 18. Nxg5 Bxg5 19. Qf3 c6 20. d5 f5 21.
dxc6 bxc6 22. Rd1 Rae8 23. Ne2 f4 24. g4 Nf6 25. h3 h5 26. Bxf6 Rxf6 27. Nc3
hxg4 28. hxg4 Rfe6 29. Rcd2 Bf6 30. Ne2 g5 31. Nd4 Bxd4 32. Rxd4 Rh6 33. b5
c5 34. Qd5+ Kh8 35. Qxg5 Qh7 36. Qxh6 Qxh6 37. Rxd6 f3+ 38. Kg3 Qg7 39. Rh1+
Kg8 40. Rh5 Rf8 41. Rdd5 Qc7+ 42. Kh3 Rf7 43. Rdg5+ Rg7 44. Rf5 Qd7 45. Rhg5
Qd1 46. Rxg7+ Kxg7 47. Kg3 Qd3 48. Rxf3 Qxc4 49. Rf4 Qxb5 50. Rf5 Qb8+ 51.
f4 Qc7 52. Kh4 c4 53. g5 c3 54. Kh5 c2 55. Rc5 Qxc5 56. f5 c1=Q 57. f6+ Kf7
58. Kh6 Q1xg5+ 59. Kh7 Qh5# {White checkmated} 0-1

[Event "ICCopen2017"]
[Site "Internet Chess Club"]
[Date "2017.03.26"]
[Round "5"]
[White "Filiron"]
[Black "ibarra"]
[Result "1-0"]
[ICCResult "Black forfeits on time"]
[WhiteElo "2121"]
[BlackElo "2757"]
[Opening "Sicilian: Scheveningen (Paulsen), classical variation"]
[ECO "B84"]
[NIC "SI.23"]
[Time "19:52:29"]
[TimeControl "180+0"]

1. e4 c5 2. Nf3 d6 3. d4 cxd4 4. Nxd4 Nf6 5. Nc3 a6 6. Be3 Ng4 7. Bc1 Nf6 8.
Be2 e6 9. Be3 Qc7 10. Qd2 b5 11. a3 Bb7 12. f3 Nbd7 13. g4 Ne5 14. g5 Nfd7
15. f4 Nc4 16. Bxc4 Qxc4 17. O-O-O Rc8 18. Nb3 Qc7 19. Rhf1 Be7 20. f5 Ne5
21. Qf2 Ng4 22. Qg3 Nxe3 23. Qxe3 e5 24. f6 gxf6 25. gxf6 Bd8 26. Rf2 Qb6
27. Qg3 Rxc3 28. bxc3 a5 29. Rfd2 Bc7 30. Qg7 Rf8 31. Kb1 Bxe4 32. Qg4 Bb7
33. Nd4 b4 34. cxb4 axb4 35. a4 h5 36. Qxh5 d5 37. Nb5 Bb8 38. Qf5 Rg8 39.
Rxd5 Bxd5 40. Rxd5 Qe6 41. Qd3 Qxf6 42. Nd6+ Kf8 43. Ne4 Qg6 44. Rd8+ Kg7
45. Rxg8+ Kxg8 46. a5 Kg7 47. a6 f5 48. Nc5 e4 49. Qd7+ Qf7 50. Qd4+ Qf6 51.
Qxf6+ Kxf6 52. Nd7+ Kg5 53. Nxb8 e3 54. a7 e2 55. a8=Q e1=Q+ 56. Ka2 Qc3 57.
Qg2+ Kf6 58. Qc6+ Kg5 59. Qxc3 bxc3 60. Kb3 Kf4 61. Nc6 Ke3 62. Ne5 f4 63.
Kxc3 Ke4 64. Nd3 Kf5 65. h4 f3 66. Nf2 Kf4 67. Kd3 Kg3 68. Ke3 Kxh4 69. c4
Kg5 70. Kxf3 Kf6 71. Ke3 Ke6 72. Kd3 Kd7 73. Nd1 Kc6 74. Nc3 Kc7 75. Ne4 Kb6
76. Kd4 Kb7 77. Nc3 Ka7 78. Nd5 Ka8 79. Ne3 Ka7 80. Nf5 Ka8 81. Ng3 Ka7 82.
Nh5 Ka8 83. Nf4 Ka7 84. Ne6 Ka8 85. Nc7+ Ka7 86. Nd5 Ka8 87. c5 Ka7 88. Nc3
Ka8 89. Kc4 Ka7 90. Nd5 Ka6 91. Nb4+ Ka7 92. Nd5 Kb7 93. Ne3 Ka7 94. Nf5
{Black forfeits on time}
1-0

[Event "ICCopen2017"]
[Site "Internet Chess Club"]
[Date "2017.03.26"]
[Round "5"]
[White "giovana64"]
[Black "anakinnn"]
[Result "1-0"]
[ICCResult "Black forfeits on time"]
[WhiteElo "1573"]
[BlackElo "1211"]
[Opening "King's Indian: 6.Be2"]
[ECO "E91"]
[NIC "KI.19"]
[Time "19:52:28"]
[TimeControl "180+0"]

1. d4 Nf6 2. c4 g6 3. Nc3 Bg7 4. e4 d6 5. Nf3 O-O 6. Be2 Nbd7 7. Nd2 c5 8.
d5 a6 9. O-O Ne5 10. h3 e6 11. Qc2 exd5 12. cxd5 b5 13. f4 Ned7 14. Re1 Re8
15. Bf3 c4 16. Ne2 Bb7 17. Ng3 Qb6+ 18. Kf1 Nc5 19. Nb1 Nd3 20. Be3 Nxe1 21.
Qf2 Qa5 22. Qxe1 Qxe1+ 23. Kxe1 Bxd5 24. exd5 Rxe3+ 25. Kf2 Rd3 26. Nc3 Rd2+
27. Nge2 Rxb2 28. Re1 Re8 29. a4 b4 30. Nd1 Ra2 31. Ne3 c3 32. Nc4 Rxa4 33.
Nxd6 Rd8 34. Nb7 Rb8 35. Nc5 Ra5 36. Nb3 Ra3 37. Ned4 Ra2+ 38. Kg3 Nh5+ 39.
Kg4 Bxd4 40. Nxd4 Nf6+ 41. Kg5 Kg7 42. d6 h6+ 43. Kh4 Rd8 44. Nc6 Rxd6 45.
Ne5 {Black forfeits on time} 1-0

[Event "ICCopen2017"]
[Site "Internet Chess Club"]
[Date "2017.03.26"]
[Round "5"]
[White "Heinichess"]
[Black "Radar777"]
[Result "1-0"]
[ICCResult "Black forfeits on time"]
[WhiteElo "1838"]
[BlackElo "1368"]
[Opening "Sicilian"]
[ECO "B54"]
[NIC "SI.01"]
[Time "19:52:48"]
[TimeControl "180+0"]

1. e4 c5 2. Nf3 d6 3. d4 cxd4 4. Nxd4 e5 5. Nb3 Nf6 6. Nc3 a6 7. Bg5 Be7 8.
Be2 O-O 9. O-O Be6 10. Bf3 Nc6 11. Bxf6 Bxf6 12. Nd5 Rc8 13. c3 b5 14. Qd3
Bxd5 15. Qxd5 Na5 16. Nxa5 Qxa5 17. Rfd1 Rfd8 18. Bg4 Rc5 19. Qd2 Qc7 20.
Bf5 g6 21. Bg4 Qe7 22. Bf3 Bg5 23. Qd3 h5 24. a4 Qe6 25. axb5 axb5 26. Ra6
Be7 27. Be2 Qc8 28. Rb6 Qc7 29. Rxb5 Rc6 30. c4 Rc5 31. b3 Kg7 32. Qc3 Rb8
33. Rxb8 Qxb8 34. b4 Rc7 35. c5 Qb7 36. Rc1 Qxe4 37. Bf3 Qf4 38. Qb2 dxc5
39. b5 Bf6 40. Qc2 c4 41. Re1 Rc5 42. Bc6 c3 43. Re4 Qf5 44. Re2 Qc8 45. h3
Rxc6 46. bxc6 Qxc6 47. Re3 Qd5 48. Rxc3 g5 49. Rd3 Qe6 50. Qe2 Qf5 51. Rf3
Qe6 52. Qe4 Kh6 53. Qf5 Qxf5 54. Rxf5 Kg6 55. Rf3 g4 56. Rb3 Kg5 57. hxg4
hxg4 58. g3 e4 59. Kg2 Be5 60. Rb5 f6 61. Rc5 Kf5 62. Rd5
{Black forfeits on time}
1-0

[Event "ICCopen2017"]
[Site "Internet Chess Club"]
[Date "2017.03.26"]
[Round "5"]
[White "DreadHead"]
[Black "dashingfox"]
[Result "1-0"]
[ICCResult "Black checkmated"]
[WhiteElo "2435"]
[BlackElo "1889"]
[Opening "Nimzovich-Larsen attack: Indian variation"]
[ECO "A01"]
[NIC "VO.08"]
[Time "19:52:50"]
[TimeControl "180+0"]

1. b3 Nf6 2. Bb2 d5 3. e3 c5 4. Nf3 Nc6 5. d4 Bg4 6. Be2 cxd4 7. Nxd4 Bxe2
8. Qxe2 e6 9. O-O Bd6 10. Nd2 Qc7 11. h3 Nxd4 12. Bxd4 O-O 13. c4 e5 14. Bb2
Rfe8 15. Rac1 d4 16. exd4 exd4 17. Qd3 Rad8 18. c5 Bh2+ 19. Kh1 Be5 20. b4
Rd5 21. Nf3 Red8 22. Rfe1 Nh5 23. Re4 Nf4 24. Qd2 f6 25. a4 a6 26. Nxe5 fxe5
27. Kh2 Ne6 28. Ba3 h6 29. Rce1 Ng5 30. R4e2 e4+ 31. Kg1 d3 32. Re3 Rd4 33.
Bb2 Rc4 34. Rc1 Rxc1+ 35. Qxc1 Qf4 36. Qc3 Ne6 37. Re1 d2 38. Rd1 Rd3 39.
Qe5 Qxe5 40. Bxe5 Nd4 41. Bxd4 Rxd4 42. b5 axb5 43. axb5 Rd5 44. c6 Rxb5 45.
cxb7 Rxb7 46. Rxd2 Re7 47. Re2 Kf7 48. Kh2 Kf6 49. g4 Kg5 50. Kg3 g6 51. Re3
Kf6 52. h4 g5 53. h5 Re5 54. Rc3 Ke6 55. Rc6+ Kd5 56. Rxh6 Kd4 57. Rg6 e3
58. fxe3+ Rxe3+ 59. Kf2 Rh3 60. Rxg5 Ke4 61. Kg2 Rh4 62. Kg3 Rh1 63. Rg8 Ke5
64. g5 Kf5 65. g6 Rxh5 66. g7 Rg5+ 67. Kh4 Kf6 68. Rf8+ Kg6 69. g8=Q+ Kh6
70. Qxg5+ Kh7 71. Rf7+ Kh8 72. Qg7# {Black checkmated} 1-0

[Event "ICCopen2017"]
[Site "Internet Chess Club"]
[Date "2017.03.26"]
[Round "5"]
[White "wagnerbi"]
[Black "Magagna"]
[Result "0-1"]
[ICCResult "White forfeits on time"]
[WhiteElo "1935"]
[BlackElo "1712"]
[Opening "English opening"]
[ECO "A05"]
[NIC "QP.11"]
[Time "19:52:23"]
[TimeControl "180+0"]

1. Nf3 Nf6 2. c4 e6 3. Nc3 c5 4. g3 b6 5. Bg2 Nc6 6. d4 d5 7. cxd5 exd5 8.
O-O Be7 9. Bg5 O-O 10. Rc1 Bb7 11. dxc5 d4 12. Bxf6 Bxf6 13. Ne4 Re8 14.
Nxf6+ Qxf6 15. cxb6 axb6 16. a3 Rad8 17. Qd3 Ne7 18. Rfd1 Ng6 19. a4 Bxf3
20. Qxf3 Qxf3 21. Bxf3 Ne5 22. Bg2 Rd6 23. h3 Red8 24. b4 h6 25. Rc7 d3 26.
exd3 Rxd3 27. Rxd3 Rxd3 28. a5 Rd1+ 29. Kh2 bxa5 30. bxa5 Rd2 31. a6 Rxf2
32. Kg1 Ra2 33. Ra7 Kh7 34. Bb7 Ra1+ 35. Kf2 Ra2+ 36. Ke3 Nc4+ 37. Kd4 Nb6
38. Kc5 Nd7+ 39. Kd6 Nf6 40. Kc7 Rd2 41. Bc6 Rc2 42. Ra8 Nd5+
{White forfeits on time}
0-1

[Event "ICCopen2017"]
[Site "Internet Chess Club"]
[Date "2017.03.26"]
[Round "5"]
[White "DropZone"]
[Black "refid"]
[Result "1-0"]
[ICCResult "Black resigns"]
[WhiteElo "2095"]
[BlackElo "1814"]
[Opening "Queen's pawn"]
[ECO "A40"]
[NIC "QP.05"]
[Time "19:54:58"]
[TimeControl "180+0"]

1. d4 e6 2. Nf3 Nf6 3. Bf4 Be7 4. e3 O-O 5. h3 d6 6. c4 b6 7. Nc3 Bb7 8. Be2
c5 9. dxc5 dxc5 10. Qb3 Nc6 11. Rd1 Qc8 12. a3 Na5 13. Qc2 Rd8 14. O-O Rxd1
15. Rxd1 Bc6 16. Ne5 Be8 17. Bf3 Nb7 18. Bg5 h6 19. Bxf6 Bxf6 20. Qe4
{Black resigns}
1-0

[Event "ICCopen2017"]
[Site "Internet Chess Club"]
[Date "2017.03.26"]
[Round "5"]
[White "TheSettersDad"]
[Black "fairplay"]
[Result "1-0"]
[ICCResult "Black forfeits on time"]
[WhiteElo "1581"]
[BlackElo "1272"]
[Opening "French: Rubinstein variation"]
[ECO "C10"]
[NIC "FR.07"]
[Time "19:53:01"]
[TimeControl "180+0"]

1. e4 e6 2. d4 d5 3. Nc3 dxe4 4. Nxe4 Nf6 5. Bg5 Be7 6. Bxf6 Bxf6 7. Nf3 c5
8. Nxc5 Nc6 9. c3 O-O 10. Bd3 g6 11. O-O b6 12. Ne4 Bg7 13. Re1 Bb7 14. a4
Ne7 15. a5 Nf5 16. a6 Bc6 17. Qe2 Nh4 18. Nxh4 Qxh4 19. g3 Qh5 20. Qxh5 gxh5
21. Ng5 Rad8 22. Bxh7+ Kh8 23. Be4 Bd7 24. h4 f6 25. Nf3 Bh6 26. Kg2 Be8 27.
Rad1 Kg7 28. Bc2 Bg6 29. Bxg6 Kxg6 30. Nd2 Kf5 31. f3 e5 32. dxe5 fxe5 33.
Ne4 Rxd1 34. Rxd1 Rh8 35. Rd7 Bc1 36. b3 Bb2 37. c4 Bd4 38. Rxa7 Rf8 39. Rb7
Ra8 40. a7 Be3 41. Kf1 {Black forfeits on time} 1-0

[Event "ICCopen2017"]
[Site "Internet Chess Club"]
[Date "2017.03.26"]
[Round "5"]
[White "shally"]
[Black "Dupinpon"]
[Result "1-0"]
[ICCResult "Black forfeits on time"]
[WhiteElo "1922"]
[BlackElo "1637"]
[Opening "Nimzovich-Larsen attack: Indian variation"]
[ECO "A01"]
[NIC "VO.08"]
[Time "19:52:32"]
[TimeControl "180+0"]

1. b3 Nf6 2. Bb2 g6 3. e4 d6 4. g3 Bg7 5. Bg2 O-O 6. Ne2 e5 7. O-O Nc6 8. d4
exd4 9. Nxd4 Bd7 10. c4 Re8 11. f3 Ne5 12. Na3 c6 13. Kh1 Qb6 14. Nac2 Rad8
15. Ne2 Bc8 16. Bd4 Qc7 17. Qd2 d5 18. f4 Nxe4 19. Bxe4 Nxc4 20. bxc4 dxe4
21. Qc3 Bf8 22. c5 e3 23. Nxe3 Qe7 24. Kg1 Rxd4 25. Qxd4 Bg7 26. Qd2 Qxe3+
27. Qxe3 Rxe3 28. Kf2 Rxe2+ 29. Kxe2 Bxa1 30. Rxa1 Be6 31. a3 Kg7 32. Rb1
Bc4+ 33. Ke3 Bb5 34. a4 Bxa4 35. Rxb7 a6 36. g4 Bb5 37. Ke4 a5 38. Ra7 a4
39. f5 gxf5+ 40. gxf5 Kf6 41. h4 h5 42. Kf4 Kg7 43. Kg5 Kf8 44. f6 Ke8 45.
Kxh5 Bc4 46. Kh6 Kd8 47. Kg7 a3 48. h5 a2 49. h6 {Black forfeits on time}
1-0

[Event "ICCopen2017"]
[Site "Internet Chess Club"]
[Date "2017.03.26"]
[Round "5"]
[White "tryto"]
[Black "OTBB"]
[Result "0-1"]
[ICCResult "White forfeits on time"]
[WhiteElo "1292"]
[BlackElo "1591"]
[Opening "Queen's bishop game"]
[ECO "D02"]
[NIC "QP.08"]
[Time "19:52:57"]
[TimeControl "180+0"]

1. d4 d5 2. Nf3 Nf6 3. Bf4 e6 4. e3 c5 5. c3 Nc6 6. Nbd2 Bd6 7. Bg3 O-O 8.
Bd3 b6 9. Qe2 Bb7 10. Rd1 Ne7 11. e4 dxe4 12. Nxe4 Nxe4 13. Bxe4 Bxe4 14.
Qxe4 cxd4 15. Rxd4 Nd5 16. O-O Bxg3 17. hxg3 Qc7 18. a3 Rad8 19. Rfd1 Rd7
20. Ne5 Rdd8 21. c4 Nf6 22. Qd3 Rxd4 23. Qxd4 h6 24. b4 Rc8 25. b5 Qc5 26.
Qxc5 Rxc5 27. Rd8+ Kh7 28. Ra8 Ne4 29. Rxa7 f6 30. Nd7 Rxc4 31. Nxb6 Rc1+
32. Kh2 Nxf2 33. g4 Rh1+ 34. Kg3 Ne4+ 35. Kf4 Nc3 36. a4 e5+ 37. Kf5 Rf1+
38. Ke6 Ne4 39. Nd7 Ng5+ 40. Ke7 Rf2 41. b6 Rxg2 42. b7 Rb2 43. a5 e4 44.
Nb6 e3 45. b8=Q e2 46. Ra8 e1=Q+ 47. Kf8 Ne6+ 48. Kf7 Ng5+ 49. Kf8 Qe6 50.
Qe8 Rxb6 51. Qxe6 Rxe6 52. a6 Rb6 {White forfeits on time} 0-1

[Event "ICCopen2017"]
[Site "Internet Chess Club"]
[Date "2017.03.26"]
[Round "5"]
[White "nikenwidiartto"]
[Black "lsokol"]
[Result "0-1"]
[ICCResult "White resigns"]
[WhiteElo "1874"]
[BlackElo "2374"]
[Opening "Sicilian: closed, 2...Nc6"]
[ECO "B23"]
[NIC "SI.44"]
[Time "19:52:43"]
[TimeControl "180+0"]

1. e4 c5 2. Nc3 Nc6 3. Bb5 Nd4 4. Nf3 Nxb5 5. Nxb5 d6 6. d4 a6 7. Nc3 cxd4
8. Qxd4 Nf6 9. Be3 e5 10. Qb6 Qxb6 11. Bxb6 Be6 12. O-O-O Rc8 13. Be3 h6 14.
Rd2 b5 15. Rhd1 Be7 16. a3 Rxc3 17. bxc3 Nxe4 18. Rd3 Bc4 19. Kb2 O-O 20.
Nd2 Bxd3 21. cxd3 Nc5 22. Ne4 Nxe4 23. dxe4 Rc8 24. Kb3 Rc4 25. f3 h5 26.
Ra1 g6 27. a4 Rxa4 28. Rxa4 bxa4+ 29. Kxa4 Bd8 30. Kb4 f5 31. Kc4 Kf7 32.
Kd5 Be7 33. Kc6 Ke6 34. c4 Bd8 35. Bd2 a5 36. Kb5 Kd7 37. Bxa5 Bxa5 38. Kxa5
Kc6 39. Kb4 Kb6 40. Kb3 Kc5 41. Kc3 h4 42. h3 f4 43. Kb3 Kd4 44. Kb4 Ke3 45.
Kb5 Kf2 46. Kc6 Kxg2 47. Kxd6 Kxf3 48. c5 Kxe4 49. c6 f3 50. c7 f2 51. c8=Q
f1=Q 52. Qc6+ Kf4 53. Qc4+ Qxc4 {White resigns} 0-1

[Event "ICCopen2017"]
[Site "Internet Chess Club"]
[Date "2017.03.26"]
[Round "5"]
[White "ROWLAND"]
[Black "bythebook"]
[Result "1-0"]
[ICCResult "Black forfeits on time"]
[WhiteElo "1446"]
[BlackElo "1574"]
[Opening "Caro-Kann: Panov-Botvinnik attack"]
[ECO "B13"]
[NIC "CK.03"]
[Time "19:53:30"]
[TimeControl "180+0"]

1. e4 c6 2. d4 d5 3. exd5 cxd5 4. c4 Nf6 5. Nc3 Nc6 6. Nf3 Be6 7. c5 g6 8.
Bb5 Bg7 9. O-O O-O 10. h3 Rc8 11. Bf4 Ne4 12. Bxc6 bxc6 13. Ne5 f6 14. Nd3
Qa5 15. Qc2 Bf7 16. Ne2 Rfe8 17. f3 e5 18. Bh2 Ng5 19. h4 Ne6 20. b4 Qc7 21.
dxe5 fxe5 22. a4 Nf8 23. Rab1 Qd7 24. b5 e4 25. fxe4 dxe4 26. Ndf4 Qe7 27.
b6 axb6 28. cxb6 Qxh4 29. Bg3 Qg4 30. Kh2 Rb8 31. a5 Ne6 32. a6 Nd4 33. Nxd4
{Black forfeits on time}
1-0

[Event "ICCopen2017"]
[Site "Internet Chess Club"]
[Date "2017.03.26"]
[Round "5"]
[White "manneredmonkey"]
[Black "Unico"]
[Result "0-1"]
[ICCResult "White checkmated"]
[WhiteElo "1849"]
[BlackElo "2438"]
[Opening "English, 1...Nf6 (Anglo-Indian defense)"]
[ECO "A15"]
[NIC "RE.06"]
[Time "19:52:47"]
[TimeControl "180+0"]

1. c4 Nf6 2. g3 c6 3. Bg2 d5 4. Nf3 Bf5 5. cxd5 cxd5 6. Qb3 Qc7 7. Nc3 e6 8.
d3 Nbd7 9. O-O Be7 10. Bf4 Qb6 11. Qxb6 Nxb6 12. Nh4 Bg4 13. h3 Bh5 14. Nf3
O-O 15. Rac1 Rac8 16. Nb5 a6 17. Nd6 Rxc1 18. Rxc1 Bxd6 19. Bxd6 Rc8 20. Rc7
Rxc7 21. Bxc7 Na4 22. Be5 Nd7 23. Bc3 Nxc3 24. bxc3 Bxf3 25. Bxf3 Kf8 26. c4
Ne5 27. Bg2 dxc4 28. dxc4 b6 29. Bb7 a5 30. Ba6 Ke7 31. f4 Nc6 32. a3 Kd6
33. Kf2 Kc5 34. Ke3 h5 35. Kd3 e5 36. e3 g6 37. Bb7 Nd8 38. Ba6 exf4 39.
gxf4 Ne6 40. Ke4 Kd6 41. Bb5 h4 42. Kf3 Ng7 43. Kg4 Nf5 44. e4 Ng3 45. Kxh4
Nxe4 46. Kg4 f5+ 47. Kf3 Nc3 48. Be8 Ke7 49. Bxg6 Kf6 50. Be8 Nb1 51. a4
Nd2+ 52. Ke3 Nxc4+ 53. Kd4 Nd2 54. Bb5 Ne4 55. Kd5 Nf2 56. Kc6 Nxh3 57. Kxb6
Nxf4 58. Kxa5 Ke5 59. Kb6 Kd6 60. a5 Nd5+ 61. Kb7 Nc7 62. a6 Nxb5 63. Kb6
Nc7 64. Kb7 f4 65. a7 f3 66. a8=Q Nxa8 67. Kxa8 f2 68. Kb8 f1=Q 69. Kc8 Qc1+
70. Kd8 Qc7+ 71. Ke8 Qe7# {White checkmated} 0-1

[Event "ICCopen2017"]
[Site "Internet Chess Club"]
[Date "2017.03.26"]
[Round "5"]
[White "catshow"]
[Black "Peaceful-Death"]
[Result "0-1"]
[ICCResult "White forfeits on time"]
[WhiteElo "1833"]
[BlackElo "2028"]
[Opening "Alekhine's defense: modern variation"]
[ECO "B04"]
[NIC "AL.05"]
[Time "19:52:43"]
[TimeControl "180+0"]

1. e4 Nf6 2. e5 Nd5 3. d4 d6 4. Nf3 e6 5. Be2 dxe5 6. dxe5 c5 7. O-O Nc6 8.
Bg5 Be7 9. Bxe7 Qxe7 10. c4 Ndb4 11. a3 Na6 12. Nc3 O-O 13. Qc2 Nd4 14. Nxd4
cxd4 15. Ne4 Nc5 16. Nd6 b6 17. b4 Nb7 18. Qe4 Rb8 19. Bd3 g6 20. Qf4 f5 21.
Qxd4 Rd8 22. Nxc8 Rbxc8 23. Qe3 a5 24. Rab1 axb4 25. axb4 Qc7 26. Rfd1 Rd7
27. Be2 Rcd8 28. Rxd7 Rxd7 29. Rc1 Nd8 30. c5 bxc5 31. bxc5 Nc6 32. f4 Nd4
33. Bb5 Rd5 34. Ba4 Rxc5 35. Rd1 Nc2 36. Bxc2 Rxc2 37. h4 Qc5 38. Qxc5 Rxc5
39. Rd6 Kf7 40. Rd7+ Kg8 41. Rd6 Kf7 42. Rd7+ Kg8 43. Re7 Rc4 44. g3 Rc6 45.
Ra7 h5 46. Kg2 Kf8 47. Kf3 Kg8 48. Ke3 Kf8 49. Kd4 Rb6 50. Rd7 Rb3 51. Rd6
Rf3 52. Rxe6 Kg7 53. Rf6 Kh6 54. Rc6 Rxg3 55. Rc7 Rg4 56. Kd5 Rxh4 57. e6
Rxf4 58. e7 Re4 {White forfeits on time} 0-1